 Dungeon Crawl Stone Soup version 0.30.0-29-ga12c61a403 (webtiles) character file.

Game seed: 18318133960188285204

150033 ShounenBat the Warrior (level 18, -2/155 HPs)
             Began as a Formicid Fighter on June 8, 2023.
             Was an Initiate of Gozag.
             Slain by a bunyip (11 damage)
             ... called by a spriggan druid
             ... on level 3 of the Swamp.
             The game lasted 01:10:16 (26862 turns).

ShounenBat the Warrior (Formicid Fighter)          Turns: 26862, Time: 01:10:17

Health: -2/155     AC: 28    Str: 35    XL:     18   Next: 15%
Magic:  0/18       EV: 10    Int:  5    God:    Gozag
Gold:   4736       SH: 24    Dex: 13    Spells: 17/17 levels left

rFire   + + .        y - +0 eveningstar
rCold   + + +        d - +6 tower shield "Fekk" {rPois Will+ Regen+}
rNeg    . . .        z - +7 chain mail {ponderous}
rPois   +            (helmet unavailable)
rElec   +            k - +1 cloak
rCorr   +            K - +1 pair of gloves
SInv    +            X - +2 pair of boots "Haidy" {rC+ Regen+ Int-3}
Will    ++...        R - amulet "Zazivuoh" {Spirit rElec} Stlth
                     w - ring of protection from fire
HPRegen 2.05/turn    O - +6 ring of strength
MPRegen 0.16/turn

%: guardian spirit
@: mighty, resistant, constricted, studying 3 skills, unable to read, slow
A: permanent stasis, dig shafts and tunnels, antennae 3, four strong arms,
hooves 1, cold resistance 1, no potion heal 1, inability to read after injury 1
a: Dig, Shaft Self, Renounce Religion, Potion Petition, Call Merchant, Bribe
Branch


You were on level 3 of the Swamp.
You worshipped Gozag.
Gozag was most pleased with you.
You visited 5 branches of the dungeon, and saw 27 of its levels.
You also visited: Sewer and Bailey.

You collected 10384 gold pieces.
You spent 4464 gold pieces at shops.
You paid 1184 gold pieces to Gozag.

Inventory:

Hand Weapons
 y - a +0 eveningstar (weapon)
Missiles
 q - a throwing net
Armour
 d - the +6 tower shield "Fekk" (worn) {rPois Will+ Regen+}
   (You acquired it in a bailey)

   rPois:     It protects you from poison.
   Regen:     It increases your rate of health regeneration.
   Will:      It increases your willpower.
 k - a +1 cloak (worn)
 z - a +7 chain mail of ponderousness (worn)
 K - a +1 pair of gloves (worn)
 X - the +2 pair of boots "Haidy" (worn) {rC+ Regen+ Int-3}
   (You found it on level 15 of the Dungeon)

   Int:       It affects your intelligence (-3).
   rC:        It protects you from cold.
   Regen:     It increases your rate of health regeneration.
Jewellery
 o - a ring of poison resistance
 w - a ring of protection from fire (left hand)
 C - a ring of flight
 O - a +6 ring of strength (right hand)
 R - the amulet "Zazivuoh" (around neck) {Spirit rElec}
   (You bought it in a shop on level 2 of the Orcish Mines)

   [amulet of guardian spirit]

   It causes incoming damage to be divided between your reserves of health and
   magic.
   rElec:     It insulates you from electricity.
 Y - a +5 ring of evasion
Wands
 b - a wand of polymorph (13)
 c - a wand of roots (16)
 s - a wand of light (9)
 B - a wand of charming (11)
 H - a wand of flame (58) (quivered)
 N - a wand of mindburst (20)
 Q - a wand of digging (13)
Scrolls
 g - 5 scrolls of enchant armour
 h - 12 scrolls of teleportation
 n - 7 scrolls of amnesia
 r - 5 scrolls of brand weapon
 t - 10 scrolls of identify
 x - 7 scrolls of poison
 D - 4 scrolls of fog
 E - 4 scrolls of torment
 G - a scroll of fear
 P - a scroll of enchant weapon
 S - 2 scrolls of magic mapping
 W - a scroll of immolation
Potions
 a - 2 potions of invisibility
 e - 5 potions of magic
 f - 3 potions of berserk rage
 i - 2 potions of brilliance
 j - 4 potions of attraction
 l - 9 potions of mutation
 m - 4 potions of haste
 p - 8 potions of heal wounds
 A - 2 potions of cancellation
 F - 2 potions of lignification
 I - 8 potions of curing
 V - 3 potions of ambrosia
Miscellaneous
 u - a tin of tremorstones (inert)
 J - a box of beasts (inert)
 L - a phial of floods
 M - a piece from Xom's chessboard (15/15)
 T - a lightning rod (4/4)
 U - a phantom mirror


   Skills:
 * Level 17.3 Fighting
 * Level 17.0 Maces & Flails
 + Level 12.6 Armour
 + Level 11.8 Dodging
 + Level 13.8 Shields
 + Level 13.7 Evocations


You had 17 spell levels left.
You didn't know any spells.
Your spell library contained the following spells:

 Spells                   Type           Power      Damage    Failure   Level
 Apportation              Tloc           0%         N/A       96%         1
 Magic Dart               Conj           0%         1d3       96%         1
 Necrotise                Necr           0%         1d4       96%         1
 Sandblast                Erth           0%         2d4       96%         1
 Summon Small Mammal      Summ           0%         N/A       96%         1
 Cigotuvi's Dreadful Rot  Necr/Pois/Air  0%         N/A       99%         2
 Scorch                   Fire           0%         2d5       99%         2
 Searing Ray              Conj           0%         2d4       99%         2
 Dazzling Flash           Conj/Hex       0%         N/A       100%        3
 Frozen Ramparts          Ice            0%         1d1       100%        3
 Gell's Gravitas          Tloc           0%         N/A       100%        3
 Ozocubu's Armour         Ice            0%         N/A       100%        3
 Portal Projectile        Hex/Tloc       0%         N/A       100%        3
 Stone Arrow              Conj/Erth      0%         3d7       100%        3
 Summon Guardian Golem    Hex/Summ       0%         N/A       100%        3
 Teleport Other           Tloc           0%         N/A       100%        3
 Tukima's Dance           Hex            0%         N/A       100%        3
 Volatile Blastmotes      Fire/Tloc      0%         2d10      100%        3
 Animate Armour           Summ/Erth      0%         N/A       100%        4
 Dispel Undead            Necr           0%         3d6       100%        4
 Fulminant Prism          Conj/Hex       0%         3d5       100%        4
 Ice Form                 Ice/Tmut       0%         N/A       100%        4
 Iskenderun's Mystic Bla  Conj/Tloc      0%         2d3       100%        4
 Leda's Liquefaction      Hex/Erth       0%         N/A       100%        4
 Sticky Flame             Conj/Fire      0%         2d3       100%        4
 Summon Ice Beast         Ice/Summ       0%         N/A       100%        4
 Alistair's Intoxication  Tmut/Pois      0%         N/A       100%        5
 Arcjolt                  Conj/Air       0%         1d10      100%        5
 Blade Hands              Tmut           0%         N/A       100%        5
 Borgnjor's Vile Clutch   Necr/Erth      0%         N/A       100%        5
 Lee's Rapid Deconstruct  Erth           0%         3d4*      100%        5
 Death Channel            Necr           0%         N/A       100%        6
 Dispersal                Tloc           0%         N/A       100%        6
 Eringya's Noxious Bog    Tmut/Pois      0%         N/A       100%        6
 Starburst                Conj/Fire      0%         6d3       100%        6
 Statue Form              Tmut/Erth      0%         N/A       100%        6
 Orb of Destruction       Conj           0%         9d5       100%        7
 Ozocubu's Refrigeration  Ice            0%         4d7       100%        7
 Spellforged Servitor     Conj/Summ      0%         N/A       100%        7
 Lehudib's Crystal Spear  Conj/Erth      0%         10d2      100%        8
 Maxwell's Capacitive Co  Air            0%         ∞         100%        8
 Vhi's Electric Charge    Tloc/Air       Unusable   N/A       N/A         3

Dungeon Overview and Level Annotations

Branches:
Dungeon (15/15)            Temple (1/1) D:7            Lair (5/5) D:10
  Swamp (4/4) Lair:3        Snake (0/4) Lair:2        Slime (0/5) Lair:4
    Orc (2/2) D:11            Elf (0/3) Orc:2        Vaults (0/5) D:14
 Depths (0/4) D:15          Sewer (visited)          Bailey (visited)

Altars:
Ashenzari
Cheibriados
Dithmenos
Elyvilon
Fedhas
Gozag
Hepliaklqana
Kikubaaqudgha
Makhleb
Nemelex Xobeh
Okawaru
Qazlal
Ru
Sif Muna
Trog
Uskayaw
Vehumet
Wu Jian
Xom
Yredelemnul
Zin
The Shining One
Jiyva

Shops:
D:5 *   D:12 ?   Orc:2 [[=:

Annotations:
Swamp:4 bronco's ghost, adept DgCj


Innate Abilities, Weirdness & Mutations

You cannot be hasted, slowed, berserked, paralysed or teleported.
You can dig through walls and to a lower floor.
You have a pair of large antennae on your head. (SInv)
Your four strong arms can wield two-handed weapons with a shield.
You have large cloven feet.
Your flesh is cold resistant. (rC+)
Potions are less effective at restoring your health.
You occasionally lose the ability to read scrolls when taking damage.


Message History

The death drake bites you but does no damage.
The bunyip claws you!! The bunyip claws you!
* * * LOW HITPOINT WARNING * * *
The bunyip claws you!
* * * LOW HITPOINT WARNING * * *
You thump the tentacled monstrosity!
The tentacled monstrosity is severely wounded.
The tentacled monstrosity barely misses you.
The tentacled monstrosity tentacle-slaps you.
* * * LOW HITPOINT WARNING * * *
The tentacled monstrosity misses you.
The tentacled monstrosity constricts you.
* * * LOW HITPOINT WARNING * * *
The spriggan druid hits you but does no damage.
You block the death drake's attack.
Your system partially rejects the healing.
You feel much better.
You block the tentacled monstrosity's attack. x2
The tentacled monstrosity tentacle-slaps you but does no damage.
The tentacled monstrosity constricts you.
* * * LOW HITPOINT WARNING * * *
The death drake bites you but does no damage.
The spriggan druid hits you but does no damage.
You puncture the tentacled monstrosity!
The tentacled monstrosity is severely wounded.
You block the death drake's attack.
You block the tentacled monstrosity's attack. x2
The tentacled monstrosity tentacle-slaps you but does no damage.
The tentacled monstrosity constricts you.
* * * LOW HITPOINT WARNING * * *
The spriggan druid casts a spell at you.
The stone arrow hits you!
* * * LOW HITPOINT WARNING * * *
Your system partially rejects the healing.
You feel much better. The bunyip claws you!!
You feel threatened and lose the ability to read scrolls!
* * * LOW HITPOINT WARNING * * *
You block the bunyip's attack. The bunyip claws you!
You die...
Your body crumbles into a pile of gold.

♣~.#.^♣#..~~.~♣#.~..~♣
♣♣.#.♣#######...~)..~.
♣#####[.[..##..#♣♣...
♣♣♣.♣.♣#.....#♣♣).♣♣..♣
♣..~.)♣#.....#..♣#♣♣♣♣♣
♣..[~§♣#|§~..#..~# ♣
♣.)#[.##.....##.##
♣..♣#xk###..##..#
♣~..#[@[#.~~#.>.#♣
♣♣..##Xi#...#..#.♣
♣....####)[~###.♣♣
♣♣......#.)## ♣.♣
♣♣♣§~~.§~.♣ ♣♣♣
♣♣♣♣♣♣♣♣♣


You could see a tentacled monstrosity, a bunyip, a death drake and a spriggan
druid.

Vanquished Creatures
  Roxanne (Swamp:1)
  A fenstrider witch (Swamp:2)
  The ghost of Purphixowk the Carver, a journeyman DsGl of Makhleb (D:15)
  An orc warlord (Bailey)
  5 eleionomae
  A bunyip (Swamp:3)
  A dire elephant (shapeshifter) (D:11)
  Snorg (D:12)
  Fannar (D:11)
  A shambling mangrove (Swamp:3)
  A spriggan air mage (Swamp:3)
  9 hydras
  5 ogre magi
  A ghost crab (Swamp:2)
  3 centaur warriors
  3 boulder beetles
  A tengu warrior (D:14)
  A vampire mage (Swamp:2)
  15 two-headed ogres
  5 death yaks (Lair:5)
  10 alligators
  A spriggan berserker (Swamp:3)
  A skyshark (Lair:4)
  2 deep trolls (Orc:2)
  3 goliath frogs
  Lodul (D:14)
  5 spriggan druids
  A swamp dragon (Swamp:3)
  4 bog bodies
  A necromancer (D:15)
  2 wizards (D:15)
  A deep elf zephyrmancer (D:15)
  2 orc knights
  An orc sorcerer (Orc:2)
  3 oklob plants (Lair:2)
  11 cyclopes
  A salamander (shapeshifter) (D:11)
  5 will-o-the-wisps
  3 manticores
  25 ugly things
  15 elephants
  4 black mambas
  5 centaur zombies (D:15)
  A torpor snail (Lair:5)
  Joseph (D:7)
  A naga mage (D:15)
  2 gargoyles
  3 rime drakes (Lair:5)
  25 cane toads
  2 unseen horrors
  8 yaktaurs (D:15)
  7 komodo dragons
  2 freezing wraiths
  A queen bee (D:14)
  2 polar bears
  3 meliai (D:14)
  13 trolls
  A wind drake (shapeshifter) (D:15)
  17 hornets
  4 dream sheep (Lair:5)
  13 tyrant leeches
  44 blink frogs
  8 slime creatures (D:15)
  A wandering mushroom (Lair:2)
  4 wyverns
  2 shadows (D:11)
  4 vampires
  A golden eye (shapeshifter) (D:15)
  20 spriggans
  A wraith (D:11)
  5 basilisks
  63 yaks
  20 vampire mosquitoes
  2 steam dragons
  Menkaure (D:7)
  19 swamp worms
  5 wargs
  8 water moccasins
  3 acid dragons
  14 orc warriors
  4 swamp drakes
  An ice beast (D:5)
  2 black bears
  4 boggarts (D:15)
  25 ogres
  7 wolves
  10 centaurs
  A phantom (D:4)
  A kobold brigand (D:9)
  2 gnoll sergeants
  16 bullfrogs
  2 scorpions
  16 killer bees (D:14)
  3 howler monkeys
  6 electric eels
  3 hounds
  A jelly (D:4)
  8 orc priests
  An iron imp (D:6)
  3 iguanas
  A gnoll bouda (D:9)
  20 orc wizards
  22 gnolls
  11 adders
  3 white imps
  An ufetubus (D:4)
  2 dart slugs (D:1)
  44 orcs
  7 ball pythons
  4 endoplasms
  5 giant cockroaches
  9 hobgoblins
  3 jackals
  2 quokkas
  7 bats
  5 frilled lizards
  11 goblins
  17 kobolds
  8 rats
  A spectral kobold (D:3)
795 creatures vanquished.

Vanquished Creatures (collateral kills)
  A spriggan air mage (Swamp:3)
  A spriggan berserker (Swamp:3)
  A spriggan (Swamp:3)
  A hornet (Swamp:3)
  3 yaks (D:9)
7 creatures vanquished.

Vanquished Creatures (others)
  A goliath frog (Swamp:1)
  3 bloated husks
  2 hornets (Swamp:1)
  2 spriggans (Swamp:1)
  A swamp worm (Swamp:1)
  2 orcs (D:11)
  34 foxfires
45 creatures vanquished.

Grand Total: 847 creatures vanquished

Notes
Turn   | Place    | Note
-------+----------+-------------------------------------------
     0 | D:1      | ShounenBat the Formicid Fighter began the quest for the
                  | Orb.
     0 | D:1      | Reached XP level 1. HP: 18/18 MP: 1/1
   188 | D:1      | Reached XP level 2. HP: 21/24 MP: 2/2
   308 | D:1      | Reached XP level 3. HP: 28/29 MP: 3/3
   792 | D:2      | Found a faded altar of an unknown god.
   805 | D:2      | Reached XP level 4. HP: 35/35 MP: 4/4
  1281 | D:2      | Reached XP level 5. HP: 41/41 MP: 5/5
  1672 | D:3      | Found a shimmering blue altar of Sif Muna.
  1672 | D:3      | Found a sparkling altar of Nemelex Xobeh.
  1692 | D:3      | Reached skill level 5 in Maces & Flails
  1811 | D:3      | Identified the +1 robe "Gitwiar" {Int+4}
  1969 | D:3      | Found a hazy altar of Hepliaklqana.
  1981 | D:3      | Found a blossoming altar of Fedhas.
  2455 | D:4      | Reached XP level 6. HP: 45/47 MP: 6/6
  2895 | D:4      | Reached XP level 7. HP: 52/52 MP: 7/7
  3410 | D:5      | Entered Level 5 of the Dungeon
  3701 | D:5      | Reached skill level 1 in Dodging
  3701 | D:5      | Reached skill level 1 in Evocations
  3890 | D:5      | Reached XP level 8. HP: 57/58 MP: 8/8
  4042 | D:5      | Found Afeung's General Store.
  4221 | D:5      | Bought an amulet of the acrobat for 330 gold pieces
  4221 | D:5      | Bought a scroll of identify for 22 gold pieces
  4689 | D:6      | Found a glowing drain.
  4736 | Sewer    | Entered a sewer
  4777 | Sewer    | Reached skill level 5 in Fighting
  4777 | Sewer    | Reached skill level 5 in Shields
  5055 | D:6      | Found a snail-covered altar of Cheibriados.
  5627 | D:7      | HP: 3/62 [water moccasin (8)]
  6038 | D:7      | Noticed a two-headed ogre
  6048 | D:7      | Killed a two-headed ogre
  6049 | D:7      | Reached XP level 9. HP: 19/69 MP: 9/9
  6219 | D:7      | Noticed Joseph
  6246 | D:7      | Killed Joseph
  6247 | D:7      | Reached skill level 5 in Armour
  6591 | D:7      | Found a staircase to the Ecumenical Temple.
  6628 | Temple   | Entered the Ecumenical Temple
  6819 | Temple   | Became a worshipper of Gozag Ym Sagoz the Greedy
  6873 | D:7      | Noticed Menkaure
  6885 | D:7      | Killed Menkaure
  7072 | D:7      | Found an ancient bone altar of Kikubaaqudgha.
  7664 | D:8      | Reached XP level 10. HP: 20/78 MP: 10/10
  7976 | D:8      | Found a hide-covered altar of Uskayaw.
  7984 | D:8      | Identified the -2 pair of boots of the Wilderness {Regen+}
  8684 | D:9      | Found a burning altar of Makhleb.
  9095 | D:9      | Found an iron altar of Okawaru.
  9465 | D:9      | Noticed a cyclops
  9469 | D:9      | Reached skill level 5 in Evocations
  9485 | D:9      | Reached skill level 10 in Maces & Flails
  9490 | D:9      | Killed a cyclops
  9580 | D:10     | Entered Level 10 of the Dungeon
  9679 | D:10     | Noticed a two-headed ogre
  9686 | D:10     | Killed a two-headed ogre
  9687 | D:10     | Reached XP level 11. HP: 80/89 MP: 11/11
  9817 | D:10     | Found a staircase to the Lair.
  9889 | D:10     | Found a glowing silver altar of Zin.
  9941 | D:10     | Found a flagged portal.
  9961 | Bailey   | Entered a bailey
  9966 | Bailey   | Noticed an orc warlord
 10066 | Bailey   | Reached skill level 5 in Dodging
 10095 | Bailey   | Found a runed translucent gate.
 10095 | Bailey   | Found a runed translucent gate.
 10095 | Bailey   | Found a runed translucent gate.
 10290 | Bailey   | Killed an orc warlord
 10326 | Bailey   | Identified the amulet "Ymmuc" {RegenMP rF- Int+5 Dex+6}
 10330 | Bailey   | Acquired the +6 tower shield "Fekk" {rPois Will+ Regen+}
 11031 | D:11     | Noticed a manticore
 11036 | D:11     | Killed a manticore
 11173 | D:11     | Noticed a two-headed ogre
 11180 | D:11     | Killed a two-headed ogre
 11181 | D:11     | Reached skill level 10 in Fighting
 11485 | D:11     | Reached XP level 12. HP: 97/97 MP: 12/12
 11534 | D:11     | Found a staircase to the Orcish Mines.
 11583 | D:11     | Noticed Fannar
 11652 | D:11     | Killed Fannar
 11820 | D:11     | Noticed a boulder beetle
 11867 | D:11     | Found a runed translucent door.
 11872 | D:11     | Noticed an ogre mage
 11875 | D:11     | a slime creature changed into a fire dragon
 11875 | D:11     | Noticed a fire dragon (glowing shapeshifter)
 11885 | D:11     | a fire dragon changed into an ettin
 11885 | D:11     | Noticed an ettin (glowing shapeshifter)
 11887 | D:11     | an ettin changed into a radroach
 11887 | D:11     | Noticed a radroach (glowing shapeshifter)
 11888 | D:11     | a radroach changed into an anaconda
 11888 | D:11     | Noticed an anaconda (glowing shapeshifter)
 11943 | D:11     | Noticed a ghost moth
 11951 | D:11     | a ghost moth changed into a death yak
 11951 | D:11     | Noticed a death yak (glowing shapeshifter)
 11978 | D:11     | Noticed an azure jelly
 11980 | D:11     | an azure jelly changed into a stone giant
 11980 | D:11     | Noticed a stone giant (glowing shapeshifter)
 11981 | D:11     | a stone giant changed into a frost giant
 11981 | D:11     | Noticed a frost giant (glowing shapeshifter)
 11983 | D:11     | a frost giant changed into an eleionoma
 11983 | D:11     | Noticed an eleionoma (glowing shapeshifter)
 11987 | D:11     | an eleionoma changed into a dire elephant
 11987 | D:11     | Noticed a dire elephant (glowing shapeshifter)
 11997 | D:11     | Killed a dire elephant
 12015 | D:11     | Killed an ogre mage
 12054 | D:11     | Killed a boulder beetle
 12073 | D:11     | Identified the staff of fire "Tisteun" {+Blink rF+ Will-
                  | rCorr Int+4}
 12133 | D:11     | Gained mutation: You have large cloven feet. [potion of
                  | mutation]
 12133 | D:11     | Gained mutation: Your flesh is cold resistant. (rC+)
                  | [potion of mutation]
 12185 | D:11     | Identified the +0 dagger "Qodan" {flame, rN+ Str+4 Int+2}
 12372 | Lair:1   | Entered Level 1 of the Lair of Beasts
 12460 | Lair:1   | Got the Vellum of Volatile Ice
 13179 | Lair:2   | Noticed Sonja
 13184 | Lair:2   | Sonja changed into Sonja the acid dragon
 13184 | Lair:2   | Noticed Sonja
 13195 | Lair:2   | Killed Sonja the acid dragon
 13213 | Lair:2   | Found a staircase to the Snake Pit.
 13282 | Lair:2   | Reached XP level 13. HP: 96/106 MP: 13/13
 15439 | Lair:3   | Noticed a five-headed hydra
 15454 | Lair:3   | Killed a five-headed hydra
 15455 | Lair:3   | Reached XP level 14. HP: 76/116 MP: 14/14
 15844 | Lair:3   | Found a staircase to the Swamp.
 16268 | Lair:4   | Found a viscous altar of Jiyva.
 16268 | Lair:4   | Found a staircase to the Slime Pits.
 16314 | Lair:4   | Reached skill level 10 in Shields
 16777 | Lair:5   | Entered Level 5 of the Lair of Beasts
 16844 | Lair:5   | Reached skill level 10 in Armour
 17227 | Lair:5   | Reached XP level 15. HP: 87/126 MP: 15/15
 18536 | D:12     | Found Acoethro's Magic Scroll Boutique.
 18544 | D:12     | Bought a scroll of fear for 44 gold pieces
 18544 | D:12     | Bought a scroll of poison for 44 gold pieces
 18544 | D:12     | Bought 3 scrolls of amnesia for 132 gold pieces
 18544 | D:12     | Bought a scroll of enchant armour for 82 gold pieces
 18544 | D:12     | Bought a scroll of magic mapping for 82 gold pieces
 18544 | D:12     | Bought a scroll of immolation for 44 gold pieces
 18545 | D:12     | Acquired a manual of Evocations
 18554 | D:12     | Acquired a manual of Dodging
 18671 | D:12     | Reached skill level 10 in Evocations
 18702 | D:12     | Noticed Snorg
 18711 | D:12     | Killed Snorg
 18997 | Orc:1    | Entered Level 1 of the Orcish Mines
 19442 | Orc:2    | Entered Level 2 of the Orcish Mines
 19621 | Orc:2    | Found a staircase to the Elven Halls.
 19627 | Orc:2    | Gained mutation: Potions are less effective at restoring
                  | your health. [a neqoxec]
 19634 | Orc:2    | Gained mutation: You occasionally lose the ability to read
                  | scrolls when taking damage. [a neqoxec]
 19795 | Orc:2    | Reached skill level 15 in Fighting
 19795 | Orc:2    | Reached skill level 15 in Maces & Flails
 19902 | Orc:2    | Found Mycutaess's Antique Armour Boutique.
 19922 | Orc:2    | Found Boigh's Jewellery Boutique.
 19938 | Orc:2    | Reached XP level 16. HP: 136/136 MP: 16/16
 19953 | Orc:2    | Found Ythrawabb's Book Shoppe.
 19968 | Orc:2    | Bought an ichor-stained orb for 420 gold pieces
 19968 | Orc:2    | Identified the orb of a bazaar {light, Will+} (You bought
                  | it in a shop on level 2 of the Orcish Mines)
 19974 | Orc:2    | Bought a ring of poison resistance for 320 gold pieces
 19974 | Orc:2    | Bought the amulet "Zazivuoh" {Spirit rElec} for 704 gold
                  | pieces
 19990 | Orc:2    | Found Dealaruo's Antique Armour Shop.
 21118 | D:14     | Found a gate to the Vaults.
 21142 | D:14     | Noticed Lodul
 21152 | D:14     | Killed Lodul
 22090 | D:15     | Entered Level 15 of the Dungeon
 22093 | D:15     | Found Rusi's Vocational Training.
 22102 | D:15     | Bought a manual of Evocations for 1120 gold pieces
 22102 | D:15     | Bought a manual of Invocations for 1120 gold pieces
 22106 | D:15     | Found a bloodstained altar of Trog.
 22155 | D:15     | Reached skill level 10 in Dodging
 22335 | D:15     | Found a staircase to the Depths.
 23103 | D:15     | Reached XP level 17. HP: 75/144 MP: 8/17
 23187 | D:15     | Found a runed translucent gate.
 23219 | D:15     | Found a runed translucent gate.
 23219 | D:15     | Found a runed translucent gate.
 23221 | D:15     | Noticed Purphixowk's ghost (journeyman DsGl)
 23340 | D:15     | Killed Purphixowk's ghost
 23405 | D:15     | Identified the +2 pair of boots "Haidy" {rC+ Regen+ Int-3}
 23698 | Swamp:1  | Entered Level 1 of the Swamp
 23698 | Swamp:1  | Identified Roxanne's Compendium of the Rocks
 23698 | Swamp:1  | Noticed Roxanne
 23896 | Swamp:1  | Killed Roxanne
 24247 | Swamp:1  | Found the +6 Majin-Bo {spellvamp, MP+6 Int+6}
 26352 | Swamp:4  | Entered Level 4 of the Swamp
 26489 | Swamp:4  | Noticed a tentacled monstrosity
 26490 | Swamp:4  | Found a runed translucent gate.
 26491 | Swamp:4  | Found a runed translucent gate.
 26494 | Swamp:4  | Found a runed translucent gate.
 26496 | Swamp:4  | Noticed bronco's ghost (adept DgCj)
 26525 | Swamp:3  | Reached XP level 18. HP: 123/155 MP: 12/18
 26862 | Swamp:3  | Slain by a bunyip

Illustrated notes

Levels and vault maps discovered:
D:1:      mrwooster_arrival_statue_3, layout_basic, minmay_pentomino_p4
D:2:      layout_basic, basic_ecumenical_altar, hangedman_decor_push,
          grunt_decor_mini_mirrors, corner_web_ring
D:3:      layout_basic, nicolae_hepliaklqana_monster_ancestors, fedhas_altar_3,
          gammafunk_temple_overflow_statue
D:4:      layout_loops_ring, amcnicky_mini_corridor_feature,
          minmay_misc_feat_nine_boxes, kennysheep_path_1,
          minmay_fractal_squares_diagonal_5
D:5:      layout_loops_ring, serial_shops, nicolae_shop_back_alley_shop,
          kennysheep_decorative_pillar
D:6:      layout_cave_pods, slow_altar_1, portal_sewer_entry_a
D:7:      layout_loops_corners, kennysheep_mini,
          minmay_temple_entry_gardened_gates, uniq_menkaure, uniq_joseph
D:8:      layout_basic, lemuel_tele_altar, nicolae_figureground_sparkle
D:9:      layout_basic, okawaru_metal_pillars_1_2, mainiacjoe_overflow_alcove_2,
          minmay_fractal_squares_gapless_5
D:10:     layout_loops_cross, old_standard_altar, lair_entry_dummy,
          enter_bailey_5
D:11:     layout_basic, erik_orc_1, minmay_st_funbox,
          kennysheep_generic_room_12, uniq_fannar
D:12:     layout_basic, serial_shops, shop, uniq_snorg
D:13:     layout_cave_pools
D:14:     layout_roguey, david_vaults_1, special_room [special_room_bee],
          hangedman_decor_riveting, drop_trap, minmay_tree_intersection,
          uniq_lodul
D:15:     grunt_enter_depths_magical_seal, layout_basic,
          gammafunk_ghost_tricky_traps, bloody_trog,
          dreamdust_mushroom_princess, hangedman_decor_clover_reticule,
          nicolae_shop_vocational
Temple:   nicolae_temple_godzebo
Lair:1:   layout_roguey, grunt_megastairs_5
Lair:2:   minmay_lair_oklob_chamber, layout_layer_cave,
          guppyfry_snake_entry_island, uniq_sonja
Lair:3:   layout_gridlike, minmay_swamp_entry_worms, serial_bayou,
          serial_bayou_lagoon_a, serial_bayou_lagoon_b, serial_bayou_crossing,
          serial_bayou_pond_e, dreamdust_wasp_nest, grunt_megastairs_3
Lair:4:   layout_gridlike, dpeg_slime_entry_enclosed
Lair:5:   minmay_lair_end_frog_pond, layout_gridlike, portal_ice_cave_rime
Swamp:1:  layout_basic_swamp, evilmike_swamp_ruin_house_2,
          infiniplex_staircase_pool, uniq_roxanne
Swamp:2:  layout_falls_marsh, evilmike_swamp_ruin_house_1, swamp_pool2,
          cheibrodos_swamp_pet_leeches
Swamp:3:  nicolae_swamp_secret_spriggan_hideout, layout_basic_swamp,
          hangedman_swamp_ruin_hall, swamp_pool5
Swamp:4:  swamp_icy, layout_basic_swamp, gammafunk_ghost_split, swamp_pool3,
          lightli_tree_ring
Orc:1:    layout_caves, statue_in_the_mist_lemuel, nicolae_orc_lava_room
Orc:2:    st_orc_open, layout_diamond_mine

Skill      XL: |  1  2  3  4  5  6  7  8  9 10 11 12 13 14 15 16 17 18 |
---------------+-------------------------------------------------------+-----
Maces & Flails | 3 4 5 6 7 8 9 10 11 12 13 14 15 16 17 | 17.0
Fighting       | 4 6 7 9 10 11 12 14 15 16 17 | 17.3
Dodging        | 1 2 3 4 5 6 7 8 9 10 11 | 11.8
Evocations     | 1 3 5 6 7 8 9 10 12 13 | 13.7
Armour         | 4 5 6 7 8 9 10 11 12 | 12.6
Shields        | 5 6 8 9 10 11 12 13 | 13.8

Action                     |  1- 3 |  4- 6 |  7- 9 | 10-12 | 13-15 | 16-18 || total
---------------------------+-------+-------+-------+-------+-------+-------++-------
  Melee: Flail             |    83 |   117 |   109 |       |       |       ||   309
         Whip              |       |       |    91 |       |       |       ||    91
         Morningstar       |       |       |    35 |   728 |  1433 |   158 ||  2354
         Great mace        |       |       |       |       |       |   938 ||   938
         Eveningstar       |       |       |       |       |       |    56 ||    56
  Throw: Throwing net      |       |       |       |       |     1 |       ||     1
 Invoke: Potion Petition   |       |       |       |     1 |       |     1 ||     2
Ability: Dig               |       |       |     4 |     7 |     8 |     3 ||    22
  Evoke: Wand              |       |       |     5 |     7 |    12 |     5 ||    29
         Tin of tremorston |       |       |       |       |     2 |     4 ||     6
         Lightning rod     |       |       |       |       |       |     8 ||     8
         Box of beasts     |       |       |       |       |       |     2 ||     2
         Phantom mirror    |       |       |       |       |       |     1 ||     1
    Use: Scroll            |       |    10 |     4 |     8 |     3 |       ||    25
         Potion            |       |       |     4 |     8 |       |     6 ||    18
   Stab: Distracted        |       |       |       |     1 |     4 |     8 ||    13
         Confused          |       |       |       |       |       |     3 ||     3
 Armour: Scale mail        |    37 |    43 |    26 |       |       |       ||   106
         Ring mail         |       |       |    37 |     9 |       |       ||    46
         Plate armour      |       |       |       |   293 |       |       ||   293
         Chain mail        |       |       |       |    65 |   555 |   480 ||  1100
         Skin              |       |       |       |    15 |       |       ||    15
  Dodge: Dodged            |    36 |    52 |    94 |   243 |   492 |   388 ||  1305
  Block: Buckler           |    25 |    20 |    43 |    76 |       |       ||   164
         Tower shield      |       |       |       |   466 |  1787 |  1419 ||  3672
